 Dungeon Crawl Stone Soup version 0.28.0-1-gb440e238dd (webtiles) character file.

Game seed: 13578205638325041551

38 fknight the Chopper (level 3, 0/33 HPs)
             Began as a Hill Orc Monk on Feb 28, 2022.
             Slain by Robin (6 damage)
             ... on level 2 of the Dungeon.
             The game lasted 00:01:49 (1300 turns).

fknight the Chopper (Hill Orc Monk)                 Turns: 1300, Time: 00:01:49

Health: 0/33       AC:  2    Str: 15    XL:     3   Next: 43%
Magic:  3/3        EV: 12    Int: 10    God:
Gold:   9          SH:  0    Dex: 13    Spells: 2/2 levels left

rFire   . . .      SeeInvis .   a - +0 hand axe
rCold   . . .      Faith    .   (no shield)
rNeg    . . .      Spirit   .   b - +0 robe
rPois   .          Reflect  .   (no helmet)
rElec   .          Harm     .   (no cloak)
rCorr   .          Rampage  .   (no gloves)
Will    .....                   (no boots)
Stlth   ++........              (no amulet)
HPRegen 0.11/turn               (no ring)
MPRegen 0.08/turn               (no ring)

@: no status effects
A: no striking features
a: no special abilities


You were on level 2 of the Dungeon.
You visited 1 branch of the dungeon, and saw 2 of its levels.

You collected 9 gold pieces.

Inventory:

Hand Weapons
 a - a +0 hand axe (weapon)
Missiles
 e - 2 stones (quivered)
Armour
 b - a +0 robe (worn)
Scrolls
 g - a scroll of enchant weapon {unknown}
Potions
 c - a potion of cancellation {unknown}
 d - a potion of haste {unknown}
 f - a potion of curing {unknown}
 h - a potion of mutation {unknown}
 i - a potion of heal wounds {unknown}


   Skills:
 + Level 4.1 Fighting
 + Level 4.5 Axes
 + Level 2.7 Dodging
 + Level 2.1 Stealth


You had 2 spell levels left.
You didn't know any spells.
Your spell library was empty.

Dungeon Overview and Level Annotations

Branches:
Dungeon (2/15)

Altars:

Annotations:
D:2 Robin


Message History

Things that are here:
a +0 club; a goblin corpse You start resting.
HP restored.
Things that are here:
a +0 club; a goblin corpse
There is a stone staircase leading down here.
You climb downwards.
Level annotation: Robin Robin roars a battlecry!
The goblin goes into a battle-frenzy!
There is a stone staircase leading up, spattered with blood here.
You see here a hobgoblin skeleton.
You hit the goblin.
You kill the goblin!
Robin roars a battlecry!
You see here a +0 dagger.
Robin throws the goblin at you! The goblin hits you with a +0 dagger.
There is a stone staircase leading up, spattered with blood here.
You see here a hobgoblin skeleton.
You hit the goblin.
You kill the goblin!
Robin barely misses you.
Robin hits you from afar with a +0 trident.
You see here a +0 dagger.
Robin hits you but does no damage.
Items here: ( ))))) ††.
Robin hits you with a +0 trident!
You barely miss Robin. Robin hits you with a +0 trident!
You hit Robin.
Robin is lightly wounded.
Robin barely misses you.
You hit Robin.
Robin is heavily wounded.
Robin hits you with a +0 trident!
* * * LOW HITPOINT WARNING * * *
You hit Robin but do no damage. You punch Robin.
Robin is severely wounded.
Robin hits you with a +0 trident.
You die...

#. .# .# ##.##
##...####
.......#
###g..##.#
###.###))@.....#
...(..)<#.###..#
###.#####.# ...
#.## #.# ... #..


You could see Robin.

Vanquished Creatures
  An adder (D:1)
  A dart slug (D:1)
  A ball python (D:1)
  2 endoplasms (D:1)
  A giant cockroach (D:1)
  10 goblins
  4 hobgoblins
  A kobold (D:1)
  A frilled lizard (D:1)
22 creatures vanquished.

Notes
Turn   | Place    | Note
-------+----------+-------------------------------------------
     0 | D:1      | fknight the Hill Orc Monk began the quest for the Orb.
     0 | D:1      | Reached XP level 1. HP: 19/19 MP: 1/1
   138 | D:1      | Reached XP level 2. HP: 26/27 MP: 2/2
   522 | D:1      | Found a faded altar of an unknown god.
   880 | D:2      | Noticed Robin
   891 | D:1      | Reached XP level 3. HP: 12/33 MP: 3/3
  1300 | D:2      | Slain by Robin

Illustrated notes

Levels and vault maps discovered:
D:1:      heliophobic_arrival_ceremonial_halls, layout_basic,
          basic_ecumenical_altar
D:2:      layout_loops_ring, serial_shops, shop_fountains,
          kennysheep_generic_room_10, uniq_robin, uniq_sigmund

Skill      XL: |  1  2 |
---------------+-------+-----
Fighting       | 4 |  4.1
Stealth        | 2 |  2.1
Axes           | |  4.5
Dodging        | |  2.7

Action                   || total
-------------------------++-------
Melee: Hand axe          ||    50
       Punch             ||     1
 Stab: Sleeping          ||     2
Armor: Robe              ||     9
Dodge: Dodged            ||    48
